 Dungeon Crawl Stone Soup version 0.32-a0-685-g93135e86f0 (webtiles) character file.

Game seed: 5706519581179650352

318 Ge0ff the Chopper (level 6, 0/53 HPs)
             Began as a Mountain Dwarf Chaos Knight on Mar 12, 2024.
             Was a Plaything of Xom.
             Slain by an endoplasm (2 damage)
             ... on level 3 of the Dungeon.
             The game lasted 00:06:44 (2884 turns).

Ge0ff the Chopper (Mountain Dwarf Chaos Knight)     Turns: 2884, Time: 00:06:44

Health: 0/53       AC: 10    Str: 16    XL:     6   Next: 21%
Magic:  6/6        EV:  7    Int: 13    God:    Xom [....*.]
Gold:   124        SH:  0    Dex:  9    Spells: 5/5 levels left

rFire   . . .        b - +0 hand axe (chaos)
rCold   . . .        (no shield)
rNeg    . . .        O - +0 chain mail
rPois   .            (no helmet)
rElec   .            (no cloak)
rCorr   .            Q - +0 pair of gloves
SInv    .            (no boots)
Will    .....        (no amulet) Stlth
                     (no ring)
HPRegen 0.28/turn    (no ring)
MPRegen 0.10/turn

%: no passive effects
@: on fire, glowing
A: runic magic, artefact enchanting
a: Renounce Religion


You were on level 3 of the Dungeon.
You worshipped Xom.
You were a beloved toy of Xom.
You visited 1 branch of the dungeon, and saw 4 of its levels.
You also visited: Sewer.

You collected 124 gold pieces.

Inventory:

Hand Weapons
 a - a +0 war axe
 b - a +0 hand axe of chaos (weapon)
 C - a +0 trident
 F - a +0 flail
 G - a +2 vampiric short sword
 I - a +2 heavy spear
Missiles
 B - 14 poisoned darts
 R - 19 stones
 S - 5 javelins (quivered)
Armour
 H - a +2 leather armour
 O - a +0 chain mail (worn)
 Q - a +0 pair of gloves (worn)
Magical Staves
 L - a staff of fire
 M - a staff of death
Wands
 s - a wand of mindburst (6)
Scrolls
 A - a scroll of poison {unknown}
 D - a scroll of enchant weapon {unknown}
 E - 2 scrolls of fear
 J - a scroll of silence {!r}
 K - a scroll of identify {unknown}
 P - a scroll of teleportation {unknown}
 T - a scroll of enchant armour {unknown}
Potions
 q - a potion of curing
 N - a potion of mutation {unknown}
 U - a potion of degeneration {unknown}
 V - a potion of resistance {unknown}
 X - 3 potions of enlightenment
 Z - a potion of magic {unknown}


   Skills:
 + Level 4.7 Fighting
 * Level 6.0 Axes
 + Level 3.3 Armour
 - Level 1.0 Dodging
 - Level 2.0 Stealth


You had 5 spell levels left.
You didn't know any spells.
Your spell library contained the following spells:

 Spells                   Type           Power      Damage    Failure   Level
 Summon Ice Beast         Ice/Summ       0%         N/A       86%         3
 Volatile Blastmotes      Fire/Tloc      0%         2d10      86%         3
 Fulminant Prism          Conj/Alch      0%         3d5       99%         4
 Iskenderun's Mystic Bla  Conj/Tloc      0%         2d3       99%         4
 Summon Mana Viper        Hex/Summ       0%         N/A       100%        5
 Monstrous Menagerie      Summ           0%         N/A       100%        7


Dungeon Overview and Level Annotations

Branches:
Dungeon (4/15) Zot: 21549   Sewer (visited)
 Temple: D:4-7

Altars:
Nemelex Xobeh

Shops:
D:1 [   D:3 :


Innate Abilities, Weirdness & Mutations

Your spellcasting is much less encumbered by armour.
You can use scrolls of enchantment on lesser artefacts.


Message History

You shake off the liquid fire.
There is an escape hatch in the ceiling here.
The endoplasm hits you but does no damage.
A mysterious force pulls you upwards. The hatch slams shut behind you.
You hit the endoplasm. You freeze the endoplasm.
The endoplasm is severely wounded.
The endoplasm hits you but does no damage.
You hit the endoplasm.
You kill the endoplasm!
There is a stone staircase leading down here.
You see here a quokka corpse.
HP restored.
Done exploring.
There is a stone staircase leading down here.
You climb downwards.
The gnoll hits you with a +1 heavy halberd!
There is a stone staircase leading up here.
You closely miss the gnoll.
The gnoll is lightly wounded.
You barely miss the endoplasm. The endoplasm hits you.
The gnoll hits you with a +1 heavy halberd!
An adder comes into view.
The adder hisses angrily.
You hit the gnoll.
The gnoll is moderately wounded.
You hit the endoplasm but do no damage.
The endoplasm hits you but does no damage.
The gnoll hits you with a +1 heavy halberd!
* * * LOW HITPOINT WARNING * * *
The endoplasm freezes you.
You are frozen.
* * * LOW HITPOINT WARNING * * *
The bombardier beetle sprays incendiary fluid at you.
The burning spray hits you.
You are covered in liquid fire!
You shake off some of the fire as you move.
You climb upwards.
The liquid fire burns you!
* * * LOW HITPOINT WARNING * * *
There is a stone staircase leading down here.
You feel better. The liquid fire burns you!
* * * LOW HITPOINT WARNING * * *
The endoplasm barely misses you. The gnoll hits you but does no damage.
You feel better. The liquid fire burns you!
* * * LOW HITPOINT WARNING * * *
The endoplasm hits you.
You die... "What!?
That's it?"

.......##.....###.#...##...##....
.....................###._.......
..........#####....#..##.........
................##.......#.#.....
............######...............
...........#####...####..........
.................### ##......<..
...........###.J### #..#.......
...........# ##†@.## #.#####....
..........## ###g.####.#####..#.
.........## ##..##.........#.
.######### ##.##..#####.... ##
#.......#.....#
########.......###.# #...#
#......### ### #...###.....†#
#...#........#


You could see a gnoll and an endoplasm.

Vanquished Creatures
  A kobold brigand (Sewer)
  A bullfrog (D:4)
  A jelly (D:3)
  2 gnolls (D:3)
  6 adders
  2 dart slugs (D:2)
  A ribbon worm (D:3)
  6 orcs (D:4)
  6 endoplasms
  3 giant cockroaches
  2 goblins
  3 hobgoblins (D:1)
  2 jackals (Sewer)
  4 quokkas
  4 ball pythons
  4 bats
  3 frilled lizards
  9 kobolds
  6 rats
66 creatures vanquished.

Vanquished Creatures (collateral kills)
  An adder (D:2)
1 creature vanquished.

Vanquished Creatures (others)
  A gnoll (D:4)
  An orc (D:4)
2 creatures vanquished.

Grand Total: 69 creatures vanquished

Notes
Turn   | Place    | Note
-------+----------+-------------------------------------------
     0 | D:1      | Ge0ff the Mountain Dwarf Chaos Knight began the quest for
                  | the Orb.
     0 | D:1      | Reached XP level 1. HP: 19/19 MP: 1/1
    12 | D:1      | XOM: divination: magic mapping
    70 | D:1      | XOM: summons 3 hostile shadow creatures
   159 | D:1      | XOM: 4-stop teleportation journey
   216 | D:1      | Reached XP level 2. HP: 26/26 MP: 2/2
   279 | D:1      | Found Waywuukh's Armour Shoppe.
   320 | D:1      | Reached skill level 4 in Axes
   858 | D:2      | Found a sparkling altar of Nemelex Xobeh.
   874 | D:2      | Reached skill level 1 in Stealth
   930 | D:2      | XOM: summons 2 hostile demons
  1106 | D:2      | Reached XP level 3. HP: 31/33 MP: 3/3
  1177 | D:2      | XOM: 1-stop teleportation journey
  1371 | D:2      | XOM: god gift: murky green potion {god gift}
  1601 | D:3      | Found a sparkling altar of Nemelex Xobeh.
  1612 | D:3      | Reached XP level 4. HP: 36/40 MP: 4/4
  1632 | D:3      | XOM: confusion
  1633 | D:3      | XOM: polymorph gnoll -> jelly
  1665 | D:3      | Found Takeka's Vocational Training.
  1736 | D:3      | XOM: summons 1 hostile demon
  1967 | D:3      | XOM: god gift: glowing bronze wand {god gift}
  1973 | D:3      | Reached skill level 1 in Dodging
  1986 | D:3      | Found a faded altar of an unknown god.
  2038 | D:4      | Reached skill level 5 in Axes
  2043 | D:4      | Reached XP level 5. HP: 29/46 MP: 5/5
  2084 | D:4      | Found a glowing drain.
  2136 | Sewer    | Entered a sewer
  2215 | Sewer    | XOM: fake destruction
  2356 | Sewer    | XOM: torment (19/47 hp)
  2463 | Sewer    | XOM: scenery: summon butterflies
  2563 | Sewer    | XOM: silly message
  2574 | Sewer    | Found a glowing silver altar of Zin.
  2640 | D:4      | Reached skill level 6 in Axes
  2640 | D:4      | Reached XP level 6. HP: 21/53 MP: 6/6
  2778 | D:3      | XOM: silly message
  2786 | D:4      | XOM: destruction
  2882 | D:3      | HP: 1/53 [burnt (6)]
  2884 | D:3      | Slain by an endoplasm

Illustrated notes

Levels and vault maps discovered:
D:1:      minmay_arrival_floating_metal, layout_basic, serial_shops, shop,
          nicolae_figureground_sparkle
D:2:      layout_basic, basic_altar, chequers_serial_rivers_micro_e
D:3:      layout_rooms, mainiacjoe_overflow_tiny_flanked,
          shapermc_ecumenical_altar_notcrosses, nicolae_shop_vocational
D:4:      layout_rooms, gup_sewer_entry_glass

Skill      XL: |  1  2  3  4  5 |
---------------+----------------+-----
Axes           | 4 5 6 |  6.0
Stealth        | 1 2 |  2.0
Fighting       | 4 |  4.7
Dodging        | 1 |  1.0
Armour         | 3 |  3.3

Action                     |  1- 3 |  4- 6 || total
---------------------------+-------+-------++-------
  Melee: Hand axe          |   100 |   121 ||   221
         War axe           |       |    11 ||    11
    Use: Scroll            |     1 |     2 ||     3
         Potion            |       |     3 ||     3
 Armour: Leather armour    |    52 |       ||    52
         Chain mail        |     6 |   134 ||   140
  Dodge: Dodged            |    72 |    62 ||   134

Table legend: (Time is in decaauts)
 A = Elapsed time spent in this place.
 B = Non-inter-level travel time spent in this place.
 C = Inter-level travel time spent in this place.
 D = Time resting spent in this place.
 E = Time spent auto-exploring this place.
 F = Levels seen in this place.
 G = Mean time per level.
                   A        B        C        D        E       F      G
               +--------+--------+--------+--------+--------+-----+--------+
         Total |   2966 |   2872 |     94 |    254 |   1804 |   5 |  593.2 |
       Dungeon |   2449 |   2355 |     94 |     54 |   1628 |   4 |  612.2 |
         Sewer |    517 |    517 |      0 |    200 |    175 |   1 |  517.0 |
               +--------+--------+--------+--------+--------+-----+--------+

Top non-repeatable levels by time:
     D:1: 836 daAuts
     D:2: 763 daAuts
     D:3: 671 daAuts
   Sewer: 517 daAuts
     D:4: 176 daAuts
